Map: Dusk Towers

Players

NoPinSea (Probe)

  • Race: Protoss Protoss
  • League: Master

Petraeus - Winner!

  • Race: Zerg Zerg
  • League: Grandmaster

Event: 2016 WCS Winter Challenger Oceania SEA

VOD

Have the link to the VOD?

Description

Time

  • Played on: Feb. 12, 2016, 11:10 p.m.
  • Length: 13:39

All games in this series

Show
View Real Time Build Order
Export as new Build Order

NoPinSea Protoss 

Build Orders: 1 Gate Expand, Phoenix Opening 

Get SALT Encoding   

  12  0:00  Probe (Chrono Boost)  
  13  0:11  Probe (Chrono Boost)  
  14  0:20  Pylon  
  14  0:22  Probe (Chrono Boost)  
  15  0:39  Probe (Chrono Boost), Gateway  
  16  0:47  Assimilator  
  16  0:49  Probe (Chrono Boost)  
  17  1:00  Probe (Chrono Boost)  
  18  1:10  Probe (Chrono Boost)  
  19  1:20  Nexus  
  19  1:23  Probe (Chrono Boost)  
  20  1:34  Cybernetics Core  
  20  1:37  Probe (Chrono Boost)  
  21  1:47  Assimilator  
  21  1:48  Probe (Chrono Boost)  
  22  1:54  Pylon  
  22  1:58  Probe (Chrono Boost)  
  23  2:11  Warp Gate  
  23  2:12  Probe, Stalker (Chrono Boost)  
  26  2:24  Probe (Chrono Boost)  
  27  2:34  Probe (Chrono Boost)  
  27  2:36  Probe (Chrono Boost)  
  29  2:39  Adept  
  31  2:45  Probe (Chrono Boost)  
  31  2:47  Probe (Chrono Boost)  
  33  2:56  Probe (Chrono Boost)  
  33  2:57  Probe (Chrono Boost)  
  35  3:06  Probe (Chrono Boost), Pylon, Adept  
  35  3:08  Probe (Chrono Boost)  
  39  3:14  Stargate  
  39  3:15  Stargate  
  39  3:17  Probe (Chrono Boost)  
  39  3:19  Assimilator  
  40  3:21  Assimilator  
  40  3:27  Probe x2 (Chrono Boost)  
  41  3:32  Pylon  
  42  3:35  Adept  
  42  3:37  Probe (Chrono Boost)  
  42  3:39  Probe (Chrono Boost)  
  46  3:48  Probe (Chrono Boost)  
  47  3:49  Probe (Chrono Boost)  
  47  3:53  Gateway x2  
  48  3:58  Phoenix (Chrono Boost)  
  50  4:04  Phoenix (Chrono Boost)  
  50  4:07  Probe  
  50  4:08  Probe  
  54  4:14  Adept  
  56  4:19  Probe  
  60  4:24  Phoenix (Chrono Boost)  
  61  4:31  Probe  
  61  4:35  Phoenix (Chrono Boost)  
  61  4:37  Pylon  
  62  4:41  Forge  
  62  4:50  Probe, Phoenix (Chrono Boost)  
  57  4:56  Mothership Core, Phoenix (Chrono Boost)  
  57  4:58  Sentry  
  63  5:12  Phoenix (Chrono Boost)  
  65  5:20  Phoenix (Chrono Boost)  
  67  5:27  Nexus  
  67  5:33  Pylon  
  67  5:34  Phoenix (Chrono Boost)  
  69  5:35  Pylon  
  69  5:53  Adept x3  
  69  5:54  Probe  
  76  6:00  Pylon x2  
  76  6:03  Pylon  
  76  6:18  Probe x2  
  78  6:19  Void Ray (Chrono Boost)  
  78  6:20  Twilight Council  
  82  6:31  Void Ray (Chrono Boost)  
  82  6:34  Probe  
  82  6:35  Protoss Ground Weapons Level 1 (Chrono Boost)  
  82  6:37  Probe  
  82  6:39  Probe  
  88  6:46  Probe  
  90  6:49  Probe  
  90  6:50  Probe  
  90  6:52  Sentry x2  
  96  6:54  Pylon  
  96  6:56  Void Ray  
  96  6:58  Probe  
  96  6:59  Pylon  
  96  7:00  Charge (Chrono Boost)  
  101  7:01  Probe  
  101  7:04  Probe  
  103  7:10  Probe  
  103  7:13  Probe  
  103  7:14  Probe  
  103  7:16  Robotics Facility  
  103  7:22  Probe  
  105  7:25  Probe, Void Ray  
  105  7:26  Probe  
  111  7:34  Probe  
  112  7:38  Probe  
  112  7:39  Zealot x3  
  112  7:40  Pylon  
  119  7:54  Templar Archives  
  119  7:57  Gateway  
  119  7:58  Gateway, Assimilator  
  119  8:00  Gateway  
  119  8:02  Adept, Assimilator  
  119  8:04  Adept  
  123  8:05  Gateway  
  123  8:07  Observer (Chrono Boost), Gateway  
  123  8:09  Pylon  
  123  8:11  Gateway  
  124  8:19  Psionic Storm  
  124  8:23  Gateway  
  124  8:32  Immortal  
  128  8:40  Zealot  
  130  8:41  Zealot x2  
  134  8:53  Pylon  
  134  8:55  Pylon  
  132  9:03  High Templar x3  
  132  9:04  High Templar  
  140  9:11  Immortal  
  144  9:18  Nexus  
  144  9:21  Pylon  
  142  9:24  Zealot x2  
  142  9:25  Zealot x2  
  142  9:26  Zealot x2  
  152  9:39  Robotics Facility  
  152  9:51  Immortal  
  154  9:58  High Templar x2  
  158  10:02  Pylon  
  158  10:04  Photon Cannon  
  158  10:05  Photon Cannon  
  158  10:07  Photon Cannon  
  158  10:10  Pylon  
  158  10:12  Pylon  
  157  10:16  Archon x2  
  157  10:17  Archon  
  157  10:27  High Templar x2  
  147  10:28  High Templar x2  
  147  10:30  Immortal (Chrono Boost)  
  147  10:31  Immortal (Chrono Boost)  
  147  10:35  Archon x3  
  159  10:37  Photon Cannon  
  159  10:38  Photon Cannon  
  159  10:40  Photon Cannon  
  157  10:45  Assimilator  
  157  10:48  Zealot x6  
  169  10:51  Assimilator  
  167  11:04  Zealot x3  
  155  11:05  Immortal (Chrono Boost)  
  155  11:06  Immortal (Chrono Boost)  
  153  11:21  Protoss Ground Weapons Level 2  
  153  11:29  High Templar x4  
  161  11:33  Archon x2  
  161  11:39  Immortal (Chrono Boost)  
  165  11:40  Zealot x6  
  165  11:43  Warp Prism (Chrono Boost)  
  179  11:50  Nexus  
  178  12:06  Zealot x2  
  174  12:10  Zealot x7  
  184  12:21  Zealot  
  185  12:28  Observer (Chrono Boost)  
  174  12:35  Zealot x3  
  174  12:44  High Templar x3  
  175  12:52  Archon  
  175  13:05  Pylon  
  175  13:07  Pylon  
  175  13:09  Pylon  
  175  13:11  Pylon  
  167  13:13  Archon  
  159  13:26  Zealot x5  
  159  13:27  Zealot x3  
Show
View Real Time Build Order
Export as new Build Order

Petraeus Zerg - Winner!

Build Orders: Hatch First, Lurkers 

Get SALT Encoding   

  12  0:01  Drone  
  13  0:08  Drone  
  14  0:16  Overlord  
  14  0:23  Extractor  
  14  0:24  Drone  
  15  0:35  Drone x2  
  17  0:44  Drone  
  18  0:55  Hatchery  
  17  0:58  Drone  
  18  1:11  Spawning Pool  
  18  1:14  Drone  
  18  1:16  Drone  
  19  1:32  Drone  
  20  1:36  Extractor  
  19  1:41  Drone  
  20  1:47  Hatchery  
  19  1:58  Queen  
  19  1:59  Zergling x2  
  22  2:06  Queen  
  24  2:09  Drone  
  24  2:13  Drone  
  26  2:19  Overlord  
  26  2:23  Drone  
  26  2:29  Zergling x2  
  28  2:39  Metabolic Boost, Drone  
  28  2:41  Drone  
  30  2:45  Queen  
  31  2:51  Drone  
  31  2:52  Drone  
  31  2:54  Drone  
  34  2:59  Drone  
  34  3:00  Drone  
  34  3:01  Drone  
  34  3:05  Overlord  
  37  3:10  Drone x2  
  39  3:13  Drone  
  39  3:19  Zergling x2  
  41  3:20  Overlord  
  41  3:23  Drone  
  41  3:24  Drone x2  
  41  3:25  Drone  
  45  3:31  Drone x2  
  45  3:34  Overlord  
  47  3:36  Zergling x2  
  47  3:41  Drone x3  
  51  3:42  Drone  
  51  3:46  Lair  
  52  3:48  Drone  
  52  3:52  Extractor  
  52  3:54  Roach Warren  
  51  3:55  Spore Crawler  
  51  3:58  Spore Crawler  
  51  4:00  Drone  
  51  4:02  Drone x2  
  52  4:06  Drone  
  52  4:09  Drone x2, Extractor  
  55  4:10  Drone x2  
  55  4:16  Drone x2  
  58  4:22  Zergling x4  
  58  4:23  Zergling x4  
  58  4:24  Zergling x6  
  64  4:27  Overlord  
  64  4:28  Zergling x2  
  65  4:34  Overlord  
  65  4:36  Overlord  
  65  4:50  Drone x2  
  65  4:53  Extractor  
  65  4:54  Extractor  
  65  4:55  Drone x6  
  65  4:56  Drone  
  65  4:57  Drone  
  65  4:58  Glial Reconstitution  
  65  4:59  Drone  
  72  5:02  Drone x2, Hydralisk Den  
  72  5:04  Extractor, Spore Crawler, Infestation Pit  
  72  5:05  Drone  
  71  5:09  Roach  
  71  5:11  Overlord x2  
  73  5:16  Overlord  
  73  5:27  Spore Crawler  
  72  5:31  Drone  
  72  5:32  Drone x4  
  72  5:34  Drone  
  78  5:35  Overlord  
  78  5:36  Spore Crawler  
  78  5:37  Drone x3  
  78  5:38  Hydralisk  
  78  5:40  Overlord, Hydralisk x2  
  86  5:44  Ravager  
  86  5:46  Lurker Den  
  87  5:51  Hydralisk x2  
  87  5:54  Overlord  
  87  5:56  Drone  
  89  5:58  Drone  
  89  6:02  Hydralisk x3  
  91  6:15  Drone x2  
  91  6:17  Hydralisk  
  91  6:18  Hydralisk x3  
  94  6:21  Drone  
  97  6:30  Queen  
  97  6:31  Hydralisk x2  
  97  6:32  Hatchery  
  99  6:37  Hydralisk x2  
  101  6:41  Drone  
  101  6:42  Drone x2  
  101  6:44  Roach x3  
  101  6:45  Hydralisk  
  112  6:50  Queen  
  112  6:53  Overlord  
  114  6:55  Overlord  
  114  7:00  Hive  
  112  7:08  Drone  
  112  7:09  Spire  
  112  7:11  Overlord x2  
  112  7:13  Drone x2  
  113  7:16  Zergling x2, Evolution Chamber  
  113  7:18  Ravager, Evolution Chamber  
  113  7:19  Ravager x2  
  113  7:21  Drone  
  114  7:26  Drone x6  
  120  7:30  Drone x2  
  122  7:40  Muscular Augments  
  122  7:42  Hydralisk x2, Queen  
  125  7:46  Hydralisk  
  125  7:49  Drone, Spore Crawler  
  125  7:50  Drone x2  
  128  7:52  Drone  
  128  7:56  Zerg Melee Weapons Level 1  
  128  7:57  Zerg Ground Armor Level 1  
  129  7:59  Drone x2  
  129  8:02  Queen  
  129  8:05  Extractor  
  132  8:07  Drone x2, Extractor  
  132  8:08  Overlord  
  132  8:09  Drone x2  
  135  8:27  Greater Spire  
  135  8:30  Zergling x16  
  135  8:32  Overlord x2  
  135  8:33  Adrenal Glands  
  143  8:37  Pneumatized Carapace  
  143  8:40  Viper  
  146  8:43  Viper  
  146  8:45  Overlord x2  
  146  8:47  Drone x2  
  151  8:52  Drone  
  152  9:00  Viper  
  152  9:02  Queen  
  157  9:05  Queen x2  
  157  9:09  Viper  
  161  9:10  Hatchery  
  163  9:20  Hydralisk x6, Queen  
  163  9:22  Overlord x3  
  175  9:25  Zergling x2  
  175  9:26  Zergling x8  
  179  9:34  Spine Crawler  
  179  9:35  Drone  
  179  9:36  Spine Crawler, Drone x5  
  179  9:37  Spine Crawler  
  182  9:40  Zerg Flyer Weapons Level 1  
  180  9:45  Queen  
  180  9:50  Zerg Missile Weapons Level 1  
  180  9:55  Hydralisk x9  
  180  9:58  Queen  
  199  10:09  Hatchery  
  199  10:10  Drone x3  
  199  10:11  Spore Crawler  
  198  10:15  Spine Crawler  
  198  10:17  Hydralisk  
  198  10:18  Spine Crawler  
  198  10:19  Zerg Ground Armor Level 2  
  190  10:29  Hydralisk x4  
  190  10:34  Spine Crawler  
  197  10:36  Drone  
  197  10:40  Zergling x2  
  197  10:41  Burrow  
  188  10:58  Zergling x12  
  188  10:59  Zergling x12  
  188  11:07  Zergling x12  
  190  11:18  Hydralisk x8  
  169  11:21  Hydralisk  
  169  11:23  Hydralisk x3  
  185  11:29  Lurker x4  
  185  11:30  Lurker x2  
  191  11:34  Zerg Flyer Armor Level 1  
  191  11:38  Drone x3  
  191  11:39  Drone x2, Hydralisk x2  
  199  11:55  Drone  
  199  11:56  Spine Crawler  
  199  11:57  Spine Crawler  
  199  11:58  Extractor  
  197  12:01  Extractor  
  197  12:02  Spine Crawler  
  195  12:15  Zergling x10  
  200  12:20  Ultralisk Cavern  
  199  12:29  Zergling x28  
  199  12:31  Hydralisk x3  
  199  12:36  Queen  
  199  12:43  Lurker  
  199  12:44  Lurker x7  
  200  12:45  Lurker  
  197  12:52  Spine Crawler x2  
  197  12:53  Spine Crawler x2  
  197  12:55  Spore Crawler  
  197  12:57  Lurker x2  
  194  12:59  Zergling x10  
  190  13:16  Zergling x20  
Tags
 
Add a new tag
Caveats
  • Supply blocks, unpowered buildings, or Contaminate may cause inaccurate times.
  • Supply counts are checked every 10 seconds.